 Dungeon Crawl Stone Soup version 0.25.0-9-g26727b657a (webtiles) character file.

Game seed: 8757385115850992918

665 protoss039 the Magician (level 7, -2/36 HPs)
             Began as a Deep Elf Air Elementalist on June 18, 2020.
             Slain by a hippogriff (6 damage)
             ... on level 7 of the Dungeon.
             The game lasted 00:13:53 (6205 turns).

protoss039 the Magician (Deep Elf Air Elementalist) Turns: 6205, Time: 00:13:54

Health: -2/36      AC:  4    Str:  5    XL:     7   Next: 31%
Magic:  19/19      EV: 13    Int: 22    God:
Gold:   281        SH:  0    Dex: 15    Spells: 12/20 levels left

rFire    + . .     SeeInvis .   e - +0 short sword
rCold    . . .     Gourm    .   (no shield)
rNeg     . . .     Faith    .   q - +1 robe {rF+}
rPois    .         Spirit   .   (no helmet)
rElec    .         Reflect  .   (no cloak)
rCorr    .         Harm     .   (no gloves)
MR       .....                  B - +0 pair of boots
Stlth    ++........             (no amulet)
HPRegen  0.12/turn              (no ring)
MPRegen  0.16/turn              (no ring)

@: about to teleport
A: no striking features
a: no special abilities


You were on level 7 of the Dungeon.
You were not hungry.

You visited 2 branches of the dungeon, and saw 8 of its levels.

You collected 281 gold pieces.

Inventory:

Hand Weapons
 e - a +0 short sword (weapon)
Armour
 q - a +1 robe of fire resistance (worn)
 B - a +0 pair of boots (worn)
Jewellery
 k - an uncursed ring of protection from cold {unknown}
 l - a +4 ring of slaying {unknown}
 n - an uncursed ring of positive energy {unknown}
 v - a +6 ring of dexterity {unknown}
 x - a +6 ring of strength {unknown}
Wands
 y - a wand of disintegration (11)
 z - a wand of paralysis (6)
 A - a wand of acid (6)
Scrolls
 a - 3 scrolls of enchant weapon {unknown}
 b - 2 scrolls of immolation {unknown}
 d - 4 scrolls of remove curse {unknown}
 f - 8 scrolls of identify {unknown}
 i - a scroll of noise {unknown}
 m - 6 scrolls of blinking {unknown}
 p - a scroll of amnesia {unknown}
 u - a scroll of teleportation
 D - a scroll of magic mapping {unknown}
Potions
 c - a potion of stabbing {unknown}
 g - 3 potions of curing {unknown}
 h - 2 potions of ambrosia {unknown}
 j - a potion of lignification {unknown}
 o - 3 potions of degeneration {unknown}
 r - a potion of flight {unknown}
 s - a potion of heal wounds {unknown}
 t - a potion of resistance {unknown}
 C - a potion of brilliance {unknown}
Comestibles
 w - a ration


   Skills:
 + Level 0.1 Fighting
 - Level 2.4 Dodging
 - Level 2.4 Stealth
 + Level 7.1 Spellcasting
 + Level 3.4 Conjurations
 + Level 6.1 Air Magic


You had 12 spell levels left.
You knew the following spells:

 Your Spells              Type           Power        Failure   Level  Hunger
a - Shock                 Conj/Air       ####         1%          1    None
b - Static Discharge      Conj/Air       ####....     3%          3    None
c - Airstrike             Air            #####.....   6%          4    ###....

Your spell library contained the following spells:

 Spells                   Type           Power        Failure   Level  Hunger
 Magic Dart               Conj           ###.         1%          1    None
 Swiftness                Chrm/Air       ###.....     3%          2    None
 Mephitic Cloud           Conj/Pois/Air  ###.....     6%          3    None
 Blink                    Tloc           N/A          12%         2    None
 Call Imp                 Summ           #.......     12%         2    None
 Slow                     Hex            #.......     12%         2    None
 Conjure Flame            Conj/Fire      ###.....     12%         3    None
 Lightning Bolt           Conj/Air       ####......   30%         5    #####..


Dungeon Overview and Level Annotations

Branches:
Dungeon (6/15)             Temple (1/1) D:6

Altars:
Ashenzari
Cheibriados
Dithmenos
Elyvilon
Fedhas
Gozag
Hepliaklqana
Kikubaaqudgha
Makhleb
Nemelex Xobeh
Okawaru
Qazlal
Ru
Sif Muna
Trog
Uskayaw
Wu Jian
Xom
Yredelemnul
Zin
The Shining One

Shops:
D:4 :

Annotations:
D:7 Prince Ribbit


Message History

A hippogriff comes into view.
Unknown command.
Unknown command.
The hound misses you.
Unknown command.
Unknown command.
Unknown command.
The hound misses you. The hound barely misses you. The hippogriff bites you.
* * * LOW HITPOINT WARNING * * *
The hippogriff pecks you but does no damage.
The hippogriff misses you. The hound closely misses you. The adder misses you.
Prince Ribbit catches a centipede with his tongue.
Prince Ribbit blinks!
Okay, then.
As you read the scroll labeled ZUKUR INTOV LAPT, it crumbles to dust.
You feel strangely unstable.
It was a scroll of teleportation.
The hound misses you. The hound barely misses you. The adder barely misses you.
The hippogriff bites you.
You die...

.### #............
...###............
#................ ..
#................
..####.....h..........
...........SY..####
...........#h.Zo..#
...........#..hhF.#
.........oo..hS@..#
........#.....H####
....!...#........
.a......#........
.......h#...F.....
........#........
.....[.o#........
................ #
............#### .#


You could see a hippogriff, Prince Ribbit, an ice beast, a bullfrog, 2 hounds,
an orc priest, an orc wizard (fast), 2 adders, an orc, a centaur zombie and 3
jackals.

Vanquished Creatures
  2 ogres
  A bullfrog (D:4)
  A howler monkey (D:4)
  2 hounds
  An iguana (D:4)
  5 worker ants
  2 hound skeletons
  3 gnolls (D:4)
  4 adders
  A worm (D:2)
  3 leopard geckos
  2 orcs
  8 giant cockroaches
  7 goblins (D:1)
  7 hobgoblins
  8 jackals
  3 quokkas
  A ball python (D:2)
  6 bats
  6 frilled lizards
  A jackal skeleton (D:6)
  12 kobolds
  8 rats
94 creatures vanquished.

Notes
Turn   | Place    | Note
-------+----------+-------------------------------------------
     0 | D:1      | protoss039 the Deep Elf Air Elementalist began the quest
                  | for the Orb.
     0 | D:1      | Reached XP level 1. HP: 10/10 MP: 6/6
   249 | D:1      | Reached XP level 2. HP: 15/15 MP: 5/8
   946 | D:1      | Reached XP level 3. HP: 19/19 MP: 3/10
  1012 | D:1      | Learned a level 3 spell: Static Discharge
  1625 | D:2      | Reached skill level 4 in Spellcasting
  2033 | D:2      | Reached XP level 4. HP: 24/24 MP: 9/12
  2258 | D:3      | Learned a level 4 spell: Airstrike
  2419 | D:3      | Found a sparkling altar of Nemelex Xobeh.
  2786 | D:4      | Reached XP level 5. HP: 28/28 MP: 5/14
  3052 | D:4      | Reached skill level 5 in Spellcasting
  3166 | D:4      | Found Hizotash's Book Shop.
  3178 | D:4      | Reached skill level 5 in Air Magic
  3178 | D:4      | Reached XP level 6. HP: 32/32 MP: 6/15
  4276 | D:5      | Entered Level 5 of the Dungeon
  4280 | D:5      | Reached skill level 6 in Spellcasting
  4828 | D:5      | Reached XP level 7. HP: 13/36 MP: 10/19
  5432 | D:6      | Found a staircase to the Ecumenical Temple.
  5483 | Temple   | Entered the Ecumenical Temple
  5919 | D:6      | Reached skill level 7 in Spellcasting
  6175 | D:6      | You fall into a shaft and drop 1 floor!
  6183 | D:7      | Noticed Prince Ribbit
  6199 | D:7      | Noticed a hippogriff
  6205 | D:7      | Slain by a hippogriff

Illustrated notes

Levels and vault maps discovered:
D:1:      lightli_arrival_statue_moat, layout_basic
D:2:      layout_loops_ring
D:3:      layout_basic, nemelex_xobeh_ov_fountains_minmay
D:4:      layout_gridville, first_ration, serial_shops, shop
D:5:      layout_gridville
D:6:      layout_basic, minmay_temple_entry_steel_oval, uniq_sigmund
D:7:      layout_basic, grunt_ogre_cave, uniq_prince_ribbit1
Temple:   regret_index_temple_sigil_plot

Skill      XL: |  1  2  3  4  5  6  7 |
---------------+----------------------+-----
Spellcasting   | 4 5 6 7 |  7.1
Air Magic      | 4 5 6 |  6.1
Conjurations   | 2 3 |  3.4
Fighting       | |  0.1
Dodging        | |  2.4
Stealth        | |  2.4

Action                   |  1- 3 |  4- 6 |  7- 9 || total
-------------------------+-------+-------+-------++-------
Melee: Unarmed           |     6 |       |       ||     6
       Short sword       |       |       |     6 ||     6
 Cast: Shock             |    90 |    36 |     3 ||   129
       Static Discharge  |     2 |     4 |     3 ||     9
       Airstrike         |       |    33 |     7 ||    40
  Use: Scroll            |       |       |     1 ||     1
  Eat: Chunk             |     3 |     7 |     2 ||    12
       Ration            |       |     2 |     1 ||     3
Armor: Robe              |     2 |     1 |     6 ||     9
Dodge: Dodged            |    14 |     3 |    26 ||    43
